 Dungeon Crawl Stone Soup version 0.23-a0-639-ga9a3373214 (webtiles) character file.

71 HereIgoKillingAgain the Poker (level 4, 0/33 HPs)
             Began as a Merfolk Gladiator on Dec 29, 2018.
             Slain by an adder (1 damage)
             ... on level 2 of the Dungeon.
             The game lasted 00:01:12 (784 turns).

HereIgoKillingAgain the Poker (Merfolk Gladiator)    Turns: 784, Time: 00:01:13

Health: 0/33       AC:  4    Str: 14    XL:     4   Next: 24%
Magic:  4/4        EV: 14    Int:  8    God:
Gold:   121        SH:  0    Dex: 15    Spells: 3/3 levels left

rFire    . . .     SeeInvis .   a - +0 trident
rCold    . . .     Gourm    .   (no shield)
rNeg     . . .     Faith    .   b - +0 leather armour
rPois    .         Spirit   .   c - +0 helmet
rElec    .         Reflect  .   (no cloak)
rCorr    .         Harm     .   (no gloves)
MR       .....                  (no boots)
Stlth    +.........             (no amulet)
HPRegen  0.11/turn              (no ring)
MPRegen  0.09/turn              (no ring)

@: lethally poisoned (0 -> -10), flying
A: change form in water, swift swim, stealthy swim
a: no special abilities


You were on level 2 of the Dungeon.
You were not hungry.

You visited 1 branch of the dungeon, and saw 2 of its levels.

You collected 121 gold pieces.

Inventory:

Hand Weapons
 a - a +0 trident (weapon)
Missiles
 d - 3 throwing nets (quivered)
Armour
 b - a +0 leather armour (worn)
 c - a +0 helmet (worn)
Jewellery
 i - an uncursed ring of wizardry
Scrolls
 e - a scroll of amnesia {unknown}
 g - a scroll of teleportation {unknown}
 h - 4 scrolls of identify {unknown}
 j - 3 scrolls of enchant armour {unknown}
Comestibles
 f - 2 rations


   Skills:
 - Level 2.1 Fighting
 + Level 7.2 Polearms
 - Level 2.0 Throwing
 - Level 4.0 Dodging


You had 3 spell levels left.
You didn't know any spells.
Your spell library was empty.

Dungeon Overview and Level Annotations

Branches:
Dungeon (2/15)

Altars:


Message History

The adder is lightly wounded.
* * * LOW HITPOINT WARNING * * *
You feel sick. The adder bites you.
* * * LOW HITPOINT WARNING * * *
You hit the adder.
The adder is severely wounded.
* * * LOW HITPOINT WARNING * * *
You feel sick. The adder bites you.
* * * LOW HITPOINT WARNING * * *
It was a potion of flight.
You feel very buoyant.
You fly up into the air.
The adder closely misses you. The adder bites you.
* * * LOW HITPOINT WARNING * * *
You are more poisoned.
The adder poisons you!
You barely miss the adder.
The adder is severely wounded.
* * * LOW HITPOINT WARNING * * *
You feel sick. The adder bites you.
You die...

##.## ##...# ### ....
..#####.####(..####
#)............#...#######
#.#####.###..<#..........
#.####...................
.......####...##S########
#.##########.###@#
#............# #.#
#.############ #.# #..
..# ### ###


You could see an adder.

Vanquished Creatures
  Terence (D:2)
  An adder (D:2)
  An ooze (D:1)
  A ball python (D:1)
  A giant cockroach (D:1)
  6 goblins
  3 hobgoblins
  7 jackals (D:1)
  2 bats (D:1)
  4 kobolds (D:1)
  3 rats (D:1)
30 creatures vanquished.

Notes
Turn   | Place    | Note
-------+----------+-------------------------------------------
     0 | D:1      | HereIgoKillingAgain the Merfolk Gladiator began the quest
                  | for the Orb.
     0 | D:1      | Reached XP level 1. HP: 16/16 MP: 1/1
    44 | D:1      | Reached skill level 5 in Polearms
    91 | D:1      | Reached XP level 2. HP: 21/22 MP: 2/2
   394 | D:1      | Reached skill level 6 in Polearms
   394 | D:1      | Reached XP level 3. HP: 27/27 MP: 3/3
   731 | D:2      | Noticed Terence
   740 | D:2      | Killed Terence
   740 | D:2      | Reached skill level 7 in Polearms
   740 | D:2      | Reached XP level 4. HP: 31/33 MP: 4/4
   784 | D:2      | HP: 1/33 [poisoned by an adder]
   784 | D:2      | Slain by an adder

Vault maps used:
D:1:      nzn_arrival_depleted_hourglass, minmay_domino_4
D:2:      chequers_ecumenical_altar_simple, uniq_terence, uniq_sigmund,
          uniq_jessica

Skill      XL: |  1  2  3 |
---------------+----------+-----
Polearms       | 5 6 7 |  7.2
Fighting       | |  2.1
Throwing       | |  2.0
Dodging        | |  4.0

Action                   |  1- 3 |  4- 6 || total
-------------------------+-------+-------++-------
Melee: Trident           |    90 |    19 ||   109
  Use: Potion            |       |     1 ||     1
 Stab: Sleeping          |     2 |       ||     2
       Distracted        |     1 |       ||     1
Armor: Leather armour    |    15 |     7 ||    22
Dodge: Dodged            |    50 |    16 ||    66

Table legend:
 A = Non-vault XP
 B = Vault XP
 C = Vault XP percentage of total XP
 D = Non-vault monster count
 E = Vault monster count
 F = Vault count percentage of total count
                 A         B        C        D         E       F
            +---------+---------+-------+---------+---------+-------
      Total |      60 |      42 |  41.2 |      25 |       5 |  16.7
            +---------+---------+-------+---------+---------+-------
        D:1 |      43 |       6 |  12.2 |      22 |       4 |  15.4
        D:2 |      17 |      36 |  67.9 |       3 |       1 |  25.0
            +---------+---------+-------+---------+---------+-------
